 Dungeon Crawl Stone Soup version 0.27-a0-412-g8dd771eca2 (webtiles) character file.

Game seed: 14240932761589675263

94392 littlecub the Bewitcher (level 15, -1/74 HPs)
             Began as a Spriggan Enchanter on Feb 23, 2021.
             Was an Initiate of Gozag.
             Slain by a wolf spider (19 damage)
             ... on level 1 of the Spider Nest.
             The game lasted 01:27:00 (34247 turns).

littlecub the Bewitcher (Spriggan Enchanter)       Turns: 34247, Time: 01:27:01

Health: -1/74      AC:  5    Str: 15    XL:     15   Next: 63%
Magic:  22/30      EV: 19    Int: 23    God:    Gozag
Gold:   1786       SH: 11    Dex: 24    Spells: 18/34 levels left

rFire    + + +     SeeInvis +   b - +2 dagger (elec)
rCold    + + .     Faith    .   V - +3 buckler {rC+}
rNeg     + + .     Spirit   .   Y - +1 robe of Aqefiev {*Slow rPois Dex+6}
rPois    +         Reflect  .   Q - +0 hat of Grace {rF++}
rElec    .         Harm     .   Z - +1 cloak
rCorr    .         Rampage  .   (gloves unavailable)
Will     ++...                  (boots unavailable)
Stlth    ++++++++..             p - amulet of Suhy {Acrobat Int+3}
HPRegen  0.22/turn              I - ring of Funig {rF++ rN++ Str+6 Dex-3 Stlth+}
MPRegen  0.22/turn              y - ring "Plog" {rC+ Int+3 Dex+4 SInv}

@: confusing touch, gold aura, very slightly contaminated, invisible, very quick
A: very small, unfitting armour, see invisible, speed 3
a: Renounce Religion, Potion Petition, Call Merchant, Bribe Branch


You were on level 1 of the Spider Nest.
You worshipped Gozag.
Gozag was most pleased with you.
You visited 4 branches of the dungeon, and saw 21 of its levels.
You also visited: Ice Cave.

You collected 8839 gold pieces.
You spent 5949 gold pieces at shops.
You paid 1104 gold pieces to Gozag.

Inventory:

Hand Weapons
 a - a +2 dagger of holy wrath
 b - a +2 dagger of electrocution (weapon)
Missiles
 n - 92 poisoned darts
 F - 3 curare-tipped darts
Armour
 N - a +2 robe of positive energy
 O - a +2 robe of fire resistance
 Q - the +0 hat of Grace (worn) {rF++}
   (You bought it in a shop on level 2 of the Lair of Beasts)

   It greatly protects you from fire.
 T - a +1 robe of cold resistance
 V - a +3 buckler of cold resistance (worn)
 Y - the +1 robe of Aqefiev (worn) {*Slow rPois Dex+6}
   (You bought it in a shop on level 2 of the Orcish Mines)

   It affects your dexterity (+6).
   It protects you from poison.
   It may slow you when you take damage.
 Z - a +1 cloak (worn)
Jewellery
 i - the ring "Ruikiat" {rF- Will+ MP+9 Str+4}
   (You bought it in a shop on level 2 of the Orcish Mines)

   [ring of willpower]

   It affects your strength (+4).
   It makes you vulnerable to fire.
   It affects your willpower, your defense against some magical effects.
   It affects your magic capacity (+9).
 p - the amulet of Suhy (around neck) {Acrobat Int+3}
   (You bought it in a shop on level 2 of the Orcish Mines)

   [amulet of the acrobat]

   It helps you evade while moving and waiting.
   It affects your intelligence (+3).
 v - an amulet of magic regeneration
 y - the ring "Plog" (right hand) {rC+ Int+3 Dex+4 SInv}
   (You bought it in a shop on level 8 of the Dungeon)

   [ring of see invisible]

   It affects your intelligence (+3).
   It affects your dexterity (+4).
   It protects you from cold.
   It lets you see invisible.
 I - the ring of Funig (left hand) {rF++ rN++ Str+6 Dex-3 Stlth+}
   (You bought it in a shop on level 8 of the Dungeon)

   [ring of strength]

   It affects your strength (+6).
   It affects your dexterity (-3).
   It greatly protects you from fire.
   It greatly protects you from negative energy.
   It makes you more stealthy.
 K - a ring of flight
Wands
 c - a wand of flame (25)
 w - a wand of charming (3)
 D - a wand of polymorph (7)
 L - a wand of acid (11)
 U - a wand of mindburst (8)
Scrolls
 f - a scroll of identify
 g - 2 scrolls of fog
 j - 2 scrolls of immolation
 l - 9 scrolls of teleportation
 r - 3 scrolls of magic mapping
 u - a scroll of enchant armour
 x - 2 scrolls of blinking
 z - 2 scrolls of amnesia
 B - 2 scrolls of vulnerability
 C - 2 scrolls of fear
 H - 2 scrolls of enchant weapon
 J - 3 scrolls of holy word
 R - a scroll of brand weapon
Potions
 d - 3 potions of might {unknown}
 e - 3 potions of brilliance {unknown}
 h - 8 potions of flight
 k - 2 potions of mutation {unknown}
 m - 7 potions of curing
 o - 2 potions of ambrosia {unknown}
 q - 7 potions of degeneration {unknown}
 s - 4 potions of attraction {unknown}
 t - 6 potions of heal wounds
 A - 2 potions of magic
 E - 3 potions of cancellation
 G - 3 potions of lignification
 M - a potion of haste


   Skills:
 + Level 6.9 Fighting
 * Level 12.7 Short Blades
 - Level 2.6 Dodging
 * Level 17.4 Stealth
 + Level 4.7 Shields
 + Level 10.3 Spellcasting
 * Level 18.7 Hexes
 * Level 5.9 Summonings
 - Level 3.0 Translocations
 - Level 5.0 Ice Magic


You had 18 spell levels left.
You knew the following spells:

 Your Spells              Type           Power        Failure   Level
b - Ensorcelled Hibernat  Hex/Ice        100%         1%          2
c - Confusing Touch       Hex            78%          0%          3
d - Apportation           Tloc           50%          1%          1
e - Summon Ice Beast      Ice/Summ       37%          7%          4
z - Invisibility          Hex            78%          1%          6

Your spell library contained the following spells:

 Spells                   Type           Power        Failure   Level
 Corona                   Hex            86%          0%          1
 Tukima's Dance           Hex            78%          0%          3
 Freeze                   Ice            100%         1%          1
 Dazzling Flash           Conj/Hex       100%         1%          3
 Portal Projectile        Hex/Tloc       100%         1%          3
 Fulminant Prism          Conj/Hex       26%          1%          4
 Frozen Ramparts          Ice            68%          2%          3
 Ozocubu's Armour         Ice            34%          2%          3
 Silence                  Hex/Air        26%          3%          5
 Lesser Beckoning         Tloc           12%          5%          3
 Animate Skeleton         Necr           22%          6%          1
 Foxfire                  Conj/Fire      44%          6%          1
 Pain                     Necr           44%          6%          1
 Conjure Flame            Conj/Fire      11%          19%         3
 Spider Form              Tmut/Pois      5%           19%         3
 Vampiric Draining        Necr           5%           19%         3
 Summon Lightning Spire   Summ/Air       25%          19%         4
 Hailstorm                Conj/Ice       23%          22%         4
 Animate Dead             Necr           5%           54%         4
 Sticky Flame             Conj/Fire      11%          54%         4
 Agony                    Necr           11%          87%         5
 Alistair's Intoxication  Tmut/Pois      7%           87%         5
 Excruciating Wounds      Necr           5%           87%         5
 Iskenderun's Battlesphe  Conj           11%          87%         5
 Conjure Ball Lightning   Conj/Air       5%           100%        6
 Tornado                  Air            5%           100%        9


Dungeon Overview and Level Annotations

Branches:
Dungeon (12/15)            Temple (0/1) D:7            Lair (6/6) D:8
  Swamp (0/4) Lair:3       Spider (1/4) Lair:2        Slime (0/5) Lair:5
    Orc (2/2) D:12            Elf (0/3) Orc:2         IceCv (visited)

Altars:
Ashenzari
Dithmenos
Elyvilon
Gozag
Hepliaklqana
Makhleb
Okawaru
Ru
Sif Muna
Trog
Vehumet
Wu Jian
Yredelemnul

Shops:
D:7 (   D:8 =   D:9 *   D:10 [   D:11 [   Orc:2 *[=([   Lair:2 [


Innate Abilities, Weirdness & Mutations

You are very small and have problems with some larger weapons.
You are too small for most types of armour.
You have supernaturally acute eyesight. (SInv)
You cover ground extremely quickly.


Message History

The redback closely misses you.
A tarantella comes into view.
You barely miss the wolf spider.
You catch the helpless wolf spider completely off-guard!
You perforate the wolf spider like a sieve!!!
You kill the wolf spider!
The redback closely misses you. The redback completely misses you.
You hit the wolf spider but do no damage.
The redback barely misses you. The wolf spider misses you.
You block the wolf spider's attack.
You hit the demonic crawler but do no damage.
The redback bites you!
A wolf spider comes into view.
You block the demonic crawler's attack. x2
The demonic crawler completely misses you.
The redback closely misses you.
Casting: Invisibility (dangerous; 1% risk of failure)
Confirm with . or Enter, or press ? or * to list all spells.
Your hands begin to glow red.
You block the wolf spider's attack. The wolf spider closely misses you.
The redback bites you but does no damage.
The redback becomes distracted by the nearby gold, dreaming of imaginary riches.
The redback bites you! The wolf spider barely misses you.
The wolf spider closely misses you.
The demonic crawler completely misses you.
The demonic crawler hits you. You block the demonic crawler's attack.
A redback comes into view.
You block the redback's attack.
You hit the demonic crawler but do no damage.
The redback bites you! The wolf spider hits you.
You block the wolf spider's attack. The demonic crawler hits you.
The demonic crawler barely misses you. The demonic crawler hits you.
* * * LOW HITPOINT WARNING * * *
You hit the demonic crawler but do no damage.
The redback bites you.
* * * LOW HITPOINT WARNING * * *
The wolf spider becomes distracted by the nearby gold, dreaming of imaginary riches.
The redback completely misses you. The wolf spider hits you!!
You die...
Your body crumbles into a pile of gold.

### ### .. s. .#
#. #.###.### #
s#.#... #
...$###ss.###...
....sss@s......#
.....ss#<.......
.#.........#...#
...#..##...# ##
.. #.. ...#.# .
#.. #...## ##
#^.?. #....
###..#


You could see a demonic crawler, 2 wolf spiders, a tarantella (wandering) and 5
redbacks.

Vanquished Creatures
  Jorgrun (Orc:2)
  Gastronok (D:8)
  A frost giant (IceCv)
  An orc warlord (Orc:2)
  A stone giant (D:11)
  2 yaktaur captains (D:11)
  4 hydras
  Erolcha (D:10)
  4 boulder beetles
  A centaur warrior (D:11)
  3 two-headed ogres
  A deep troll earth mage (D:11)
  8 death yaks
  A queen ant (D:8)
  Urug (Lair:4)
  3 orc high priests (Orc:2)
  A deep troll (D:11)
  2 unseen horrors
  4 orc knights
  A deep troll (shapeshifter) (D:11)
  Pikel (D:8)
  5 oklob plants
  2 wolf spiders (Spider:1)
  3 ugly things
  5 orc sorcerers
  3 cyclopes
  11 elephants (Lair:6)
  A torpor snail (Lair:4)
  An ice statue (IceCv)
  2 centaur zombies (D:10)
  A gargoyle (D:11)
  6 black mambas
  5 cane toads
  Psyche (D:10)
  6 rime drakes
  An efreet (D:11)
  5 komodo dragons
  2 jumping spiders (Spider:1)
  A meliai (D:11)
  3 hornets (Lair:6)
  5 trolls
  Prince Ribbit (D:8)
  12 blink frogs (Lair:4)
  23 polar bears
  7 dream sheep
  A redback (Lair:2)
  15 spriggans (Lair:6)
  3 wyverns
  6 basilisks
  A water elemental (D:12)
  4 vampire mosquitoes (Lair:3)
  70 yaks
  3 wargs
  3 swamp worms (Lair:1)
  An acid dragon (D:11)
  9 water moccasins
  5 soldier ants (D:8)
  2 ice beasts
  7 necrophages (D:10)
  14 ogres
  50 orc warriors
  5 black bears
  32 wolves
  4 boggarts (Lair:6)
  5 centaurs
  2 lemures (D:8)
  3 phantoms
  5 kobold brigands
  3 gnoll sergeants (D:12)
  27 bullfrogs
  A water moccasin zombie (D:5)
  A scorpion (D:8)
  10 wights (D:10)
  5 killer bees
  3 electric eels
  A vampire bat (Lair:5)
  4 howler monkeys
  2 bullfrog zombies
  A quasit (D:10)
  3 jellies
  31 orc priests
  2 centaur skeletons
  4 hounds
  A bullfrog skeleton (D:5)
  25 worker ants
  29 orc wizards
  7 hell rats (Lair:6)
  A hound skeleton (D:8)
  2 mummies (D:10)
  2 worker ant zombies
  9 adders
  15 gnolls
  A shadow imp (D:6)
  6 white imps
  An adder zombie (D:6)
  An adder skeleton (D:4)
  A worm (D:5)
  4 dart slugs
  2 leopard geckos (D:3)
  114 orcs
  A ball python (D:1)
  21 bats
  5 giant cockroaches
  5 goblins
  8 hobgoblins
  10 jackals
  16 kobolds
  4 quokkas
  3 frilled lizards
  A leopard gecko zombie (D:5)
  A quokka zombie (D:7)
  5 rats
804 creatures vanquished.

Vanquished Creatures (others)
  A centaur skeleton (D:11)
  An eye of draining (D:11)
  A bullfrog (D:11)
  An orc priest (D:11)
  3 orcs
  64 fungi
  87 plants
158 creatures vanquished.

Grand Total: 962 creatures vanquished

Notes
Turn   | Place    | Note
-------+----------+-------------------------------------------
     0 | D:1      | littlecub the Spriggan Enchanter began the quest for the
                  | Orb.
     0 | D:1      | Reached XP level 1. HP: 9/9 MP: 5/5
   146 | D:1      | Reached XP level 2. HP: 11/13 MP: 3/6
   160 | D:1      | Learned a level 2 spell: Ensorcelled Hibernation
   519 | D:1      | Reached skill level 5 in Stealth
   865 | D:1      | Reached skill level 4 in Hexes
  1158 | D:2      | Found an opulent altar of Gozag.
  1175 | D:2      | Became a worshipper of Gozag Ym Sagoz the Greedy
  1227 | D:2      | Reached XP level 3. HP: 16/16 MP: 8/8
  1231 | D:2      | Learned a level 3 spell: Confusing Touch
  1379 | D:2      | Found an iron altar of Okawaru.
  1686 | D:2      | Reached XP level 4. HP: 21/21 MP: 2/9
  2173 | D:3      | Found a burning altar of Makhleb.
  2499 | D:3      | Reached skill level 1 in Fighting
  2499 | D:3      | Reached XP level 5. HP: 25/25 MP: 9/11
  2743 | D:3      | Reached skill level 1 in Ice Magic
  3723 | D:4      | Reached skill level 5 in Hexes
  4274 | D:4      | You fall into a shaft and drop 3 floors!
  4280 | D:7      | Found a staircase to the Ecumenical Temple.
  4470 | D:6      | Reached XP level 6. HP: 30/30 MP: 12/12
  4645 | D:5      | Entered Level 5 of the Dungeon
  4653 | D:5      | Reached XP level 7. HP: 33/33 MP: 14/14
  5605 | D:5      | Reached skill level 6 in Hexes
  5869 | D:5      | Found a white marble altar of Elyvilon.
  5929 | D:5      | Found a basalt altar of Yredelemnul.
  6430 | D:6      | Reached XP level 8. HP: 39/39 MP: 15/15
  6570 | D:6      | Reached skill level 5 in Short Blades
  7118 | D:7      | Found a broken altar of Ashenzari.
  7405 | D:7      | Found a radiant altar of Vehumet.
  7540 | D:7      | Found a hazy altar of Hepliaklqana.
  7745 | D:7      | Found Irreosch's Antique Weapon Shop.
  7943 | D:8      | Noticed a cyan ugly thing
  7948 | D:8      | Reached skill level 5 in Spellcasting
  7948 | D:8      | Reached skill level 7 in Hexes
  7980 | D:8      | Killed a cyan ugly thing
  8297 | D:8      | Noticed Pikel
  8305 | D:8      | Killed Pikel
  8306 | D:8      | Reached skill level 10 in Stealth
  8306 | D:8      | Reached XP level 9. HP: 35/44 MP: 18/18
  8499 | D:8      | Reached skill level 8 in Hexes
  8523 | D:8      | Found a staircase to the Lair.
  8528 | D:8      | Noticed Prince Ribbit
  8537 | D:8      | Killed Prince Ribbit
  9622 | D:8      | Noticed Gastronok
  9998 | D:8      | Reached skill level 9 in Hexes
  9998 | D:8      | Reached XP level 10. HP: 26/49 MP: 15/20
 10004 | D:8      | Noticed a queen ant
 10254 | D:8      | Killed a queen ant
 10750 | D:8      | Killed Gastronok
 10930 | D:9      | Found Kagaosupp's Assorted Antiques.
 10934 | D:9      | Reached skill level 10 in Hexes
 11039 | D:9      | Bought a scroll of teleportation for 93 gold pieces
 11039 | D:9      | Bought a scroll labelled WACIYC ORA for 31 gold pieces
 11039 | D:9      | Bought a glowing hat for 217 gold pieces
 11039 | D:9      | Bought a papyrus book for 465 gold pieces
 11039 | D:9      | Bought a murky white potion for 27 gold pieces
 11039 | D:9      | Bought a scroll labelled VIXUFU WUGOWK for 31 gold pieces
 11080 | D:9      | Noticed a two-headed ogre
 11098 | D:9      | Killed a two-headed ogre
 11230 | D:9      | Learned a level 6 spell: Invisibility
 11238 | D:9      | Found a sacrificial altar of Ru.
 11372 | D:9      | Found a shadowy altar of Dithmenos.
 11753 | D:9      | Found a sacrificial altar of Ru.
 11831 | D:9      | Found a bloodstained altar of Trog.
 12074 | D:9      | Reached XP level 11. HP: 54/54 MP: 22/22
 12225 | D:9      | Learned a level 1 spell: Apportation
 12240 | D:9      | Reached skill level 11 in Hexes
 12243 | D:9      | Found a shimmering blue altar of Sif Muna.
 12363 | D:10     | Entered Level 10 of the Dungeon
 12382 | D:10     | Noticed Erolcha
 12428 | D:10     | Noticed a two-headed ogre
 12438 | D:10     | Killed a two-headed ogre
 12530 | D:10     | Killed Erolcha
 12531 | D:10     | Reached skill level 12 in Hexes
 12550 | D:10     | Noticed Psyche
 12563 | D:10     | Killed Psyche
 12771 | D:10     | Identified the Disquisition on Evil and Curses
 13284 | D:9      | Reached skill level 13 in Hexes
 14367 | D:10     | Found an ornate altar of the Wu Jian Council.
 14815 | D:11     | Noticed an unseen horror
 14822 | D:11     | Killed an unseen horror
 14823 | D:11     | Reached skill level 14 in Hexes
 14845 | D:11     | Found Wer Uts's Armour Shoppe.
 14893 | D:10     | HP: 1/54 [yak (12)]
 15290 | D:11     | Reached skill level 15 in Hexes
 15290 | D:11     | Reached XP level 12. HP: 58/58 MP: 23/23
 15292 | D:11     | Noticed a deep troll earth mage
 15293 | D:11     | Noticed a boulder beetle
 15296 | D:11     | Noticed a yaktaur captain
 15302 | D:11     | Noticed a centaur warrior
 15304 | D:11     | Killed a yaktaur captain
 15310 | D:11     | Killed a boulder beetle
 15333 | D:11     | Noticed a stone giant
 15361 | D:11     | Killed a stone giant
 15362 | D:11     | Reached skill level 16 in Hexes
 15685 | Lair:1   | Entered Level 1 of the Lair of Beasts
 15731 | Lair:1   | Reached skill level 1 in Translocations
 15809 | Lair:1   | Identified the Reference Book on Vitriolic Confrontation
 16020 | Lair:1   | Reached skill level 1 in Shields
 16821 | Lair:2   | Noticed a seven-headed hydra
 17084 | Lair:2   | Killed a seven-headed hydra
 17218 | Lair:2   | Noticed a six-headed hydra
 17225 | Lair:2   | Killed a six-headed hydra
 17613 | Lair:2   | Found a hole to the Spider Nest.
 18225 | Lair:2   | Bought a runed robe for 133 gold pieces
 18225 | Lair:2   | Bought a shiny buckler for 270 gold pieces
 18225 | Lair:2   | Bought a heavily runed hat for 324 gold pieces
 18236 | Lair:2   | Identified the +0 hat of Grace {rF++} (You bought it in a
                  | shop on level 2 of the Lair of Beasts)
 18267 | Lair:3   | Noticed a five-headed hydra
 18293 | Lair:3   | Killed a five-headed hydra
 18294 | Lair:3   | Reached skill level 5 in Ice Magic
 18300 | Lair:3   | Reached XP level 13. HP: 25/63 MP: 21/25
 18616 | Lair:3   | Found a staircase to the Swamp.
 19007 | Lair:3   | Reached skill level 5 in Fighting
 19388 | Lair:4   | Reached skill level 17 in Hexes
 19484 | Lair:4   | Reached skill level 10 in Short Blades
 19763 | Lair:4   | Noticed Urug
 19784 | Lair:4   | Killed Urug
 19968 | Lair:4   | Learned a level 4 spell: Summon Ice Beast
 20016 | Lair:4   | Reached skill level 1 in Summonings
 20180 | Lair:4   | Found an iron altar of Okawaru.
 20770 | Lair:5   | Found a staircase to the Slime Pits.
 21159 | Lair:5   | Reached skill level 15 in Stealth
 22018 | Lair:6   | Entered Level 6 of the Lair of Beasts
 22417 | D:8      | Bought the ring "Plog" {rC+ Int+3 Dex+4 SInv} for 524 gold
                  | pieces
 22417 | D:8      | Bought the ring of Funig {rF++ rN++ Str+6 Dex-3 Stlth+} for
                  | 1080 gold pieces
 22525 | D:11     | Reached XP level 14. HP: 69/69 MP: 26/28
 22532 | D:11     | Noticed a frost giant
 24086 | D:11     | Noticed a war gargoyle
 24628 | D:12     | Found a staircase to the Orcish Mines.
 25441 | Orc:1    | Entered Level 1 of the Orcish Mines
 26731 | Orc:2    | Entered Level 2 of the Orcish Mines
 26845 | Orc:2    | Found a frozen archway.
 26923 | IceCv    | Entered an ice cave
 27229 | IceCv    | Reached skill level 18 in Hexes
 27896 | IceCv    | Noticed a frost giant
 27941 | IceCv    | Killed a frost giant
 28328 | Orc:2    | Noticed Jorgrun
 28340 | Orc:2    | Killed Jorgrun
 28586 | Orc:2    | Found Kumoff's Antique Armour Shoppe.
 28599 | Orc:2    | Found a staircase to the Elven Halls.
 28752 | Orc:2    | Bought a glowing buckler for 157 gold pieces
 29263 | Orc:2    | Noticed an orc warlord
 29269 | Orc:2    | Killed an orc warlord
 29270 | Orc:2    | Reached XP level 15. HP: 74/74 MP: 20/29
 29666 | Orc:2    | Reached skill level 5 in Summonings
 30763 | Orc:2    | Found Izioh's Antique Armour Emporium.
 30764 | Orc:2    | Found Weamp's Antique Weapon Shoppe.
 30766 | Orc:2    | Found Otiniugu's General Store.
 30766 | Orc:2    | Found Vasyj's Jewellery Emporium.
 30771 | Orc:2    | Bought 2 potions of flight for 96 gold pieces
 30771 | Orc:2    | Bought a scroll of identify for 32 gold pieces
 30771 | Orc:2    | Bought a scroll of magic mapping for 56 gold pieces
 30771 | Orc:2    | Bought a scroll of enchant weapon for 120 gold pieces
 30782 | Orc:2    | Bought an ancient robe for 165 gold pieces
 30782 | Orc:2    | Bought an embroidered hat for 203 gold pieces
 30782 | Orc:2    | Bought a silken robe for 165 gold pieces
 30782 | Orc:2    | Bought an embroidered cloak for 217 gold pieces
 30828 | Orc:2    | Identified the +1 robe "Kuamn" {Regen+} (You bought it in a
                  | shop on level 2 of the Orcish Mines)
 30838 | Orc:2    | Identified the +1 robe of Aqefiev {*Slow rPois Dex+6} (You
                  | bought it in a shop on level 2 of the Orcish Mines)
 30843 | Orc:2    | Bought a glowing dagger for 110 gold pieces
 30862 | Orc:2    | Bought the ring "Ruikiat" {rF- Will+ MP+9 Str+4} for 784
                  | gold pieces
 30862 | Orc:2    | Bought the amulet of Suhy {Acrobat Int+3} for 649 gold
                  | pieces
 30898 | Orc:2    | Reached skill level 10 in Spellcasting
 34233 | Spider:1 | Entered Level 1 of the Spider Nest
 34247 | Spider:1 | Slain by a wolf spider

Illustrated notes

Levels and vault maps discovered:
D:1:      lordsloth_arrival_two_stooges, layout_loops_ring, minmay_surrounded
D:2:      layout_basic, overflow_temple_1_default, grunt_gozag_breadcrumbs
D:3:      layout_basic, makhleb_heckhound_becter
D:4:      layout_basic, st_stairs_12, nrook_mini_backslash
D:5:      layout_basic, kennysheep_ying_yang
D:6:      layout_cave_pools
D:7:      layout_basic, lemuel_crystal_altar, nzn_hepliaklqana_mist_gate,
          kennysheep_mini, minmay_temple_entry_proselytizer, serial_shops, shop
D:8:      layout_basic, due_lair_maze_entry_diamond, serial_curves,
          eino_curves_03, eino_curves_02, eino_curves_04, eino_curves_02,
          zaba_antful_of_joy, uniq_prince_ribbit1, uniq_pikel, uniq_gastronok
D:9:      layout_gridville, tgw_sif, lightli_temple_of_fire,
          kennysheep_mini_moat, grunt_dithmenos_smoke, serial_shops,
          nicolae_shop_waterfront, minmay_misc_feat_tower,
          hangedman_decor_lopped, nicolae_ru_great_annihilating_truth
D:10:     layout_cave_pools, serial_undead, serial_undead_a, serial_undead_a,
          serial_undead_c, serial_undead_a, basic_altar, roderic_lattice_a,
          uniq_psyche, uniq_erolcha
D:11:     minmay_complete_graph, layout_loops_ring, serial_shops, shop_statue,
          minmay_orc_keep
D:12:     kennysheep_bubbly, layout_basic,
          kennysheep_orc_monster_closet_entryway, uniq_nergalle, uniq_sonja
Lair:1:   layout_misc_corridors, chequers_serial_rivers_micro_d, worms_lemuel,
          grunt_megastairs_2, serial_bayou_shore_a, minmay_lair_oklob_chamber
Lair:2:   layout_cave_pods, spider_nest_entry_rubble, grunt_megastairs_3,
          infiniplex_staircase_pool
Lair:3:   layout_roguey, minmay_swamp_entry_swarm, grunt_megastairs_4
Lair:4:   layout_regular_city, basic_altar, minivault_27, uniq_urug
Lair:5:   layout_cellular_growth, minmay_slime_entry_oklob_open, roderic_batcave
Lair:6:   minmay_lair_end_enchanted_forest, layout_cave_pods,
          serial_bayou_lagoon_a
Spider:1: spider_temple_joshua, nicolae_spider_shape
Orc:1:    layout_caves
Orc:2:    st_orc_congregation, layout_diamond_mine, serial_shops,
          nicolae_shop_overgrown_old_shop, portal_ice_cave_rime, uniq_jorgrun

Skill      XL: |  1  2  3  4  5  6  7  8  9 10 11 12 13 14 15 |
---------------+----------------------------------------------+-----
Stealth        | 5 6 7 8 10 11 12 13 15 16 17 | 17.4
Hexes          | 4 5 6 7 9 10 15 16 17 18 | 18.7
Short Blades   | 2 3 4 6 7 8 9 10 12 | 12.7
Spellcasting   | 3 4 5 6 7 9 10 | 10.3
Fighting       | 1 2 3 4 5 6 |  6.9
Ice Magic      | 1 2 3 4 5 |  5.0
Translocations | 3 |  3.0
Shields        | 1 3 4 |  4.7
Summonings     | 2 4 5 |  5.9
Dodging        | |  2.6

Action                   |  1- 3 |  4- 6 |  7- 9 | 10-12 | 13-15 || total
-------------------------+-------+-------+-------+-------+-------++-------
Melee: Dagger            |    77 |    97 |   153 |   368 |  1121 ||  1816
 Cast: Corona            |     8 |       |       |       |       ||     8
       Ensorcelled Hiber |    17 |    49 |   113 |   164 |   246 ||   589
       Confusing Touch   |       |     3 |    12 |    34 |    23 ||    72
       Apportation       |       |       |       |     2 |       ||     2
       Invisibility      |       |       |       |     6 |    38 ||    44
Invok: Call Merchant     |       |       |       |     1 |     1 ||     2
Evoke: Wand              |       |       |       |     8 |       ||     8
  Use: Scroll            |       |       |     2 |     9 |    16 ||    27
       Potion            |       |       |       |     1 |     3 ||     4
 Stab: Sleeping          |    23 |    39 |    73 |   117 |   181 ||   433
       Distracted        |       |     1 |     1 |     1 |     9 ||    12
       Confused          |       |     2 |     8 |    33 |    18 ||    61
       Paralysed         |       |       |       |     1 |       ||     1
       Invisible         |       |       |       |    33 |   239 ||   272
Armor: Robe              |     8 |     5 |     4 |    20 |    45 ||    82
Dodge: Dodged            |    47 |    71 |   102 |   192 |   344 ||   756
Block: Buckler           |       |       |       |     6 |   269 ||   275
       Reflection        |       |       |       |       |     2 ||     2

Table legend: (Time is in decaauts)
 A = Elapsed time spent in this place.
 B = Non-inter-level travel time spent in this place.
 C = Inter-level travel time spent in this place.
 D = Time resting spent in this place.
 E = Time spent auto-exploring this place.
 F = Levels seen in this place.
 G = Mean time per level.
                   A        B        C        D        E       F      G
               +--------+--------+--------+--------+--------+-----+--------+
         Total |  26930 |  25925 |   1005 |   6745 |  14041 |  22 | 1224.1 |
       Dungeon |  15526 |  14993 |    533 |   4557 |   7717 |  12 | 1293.8 |
          Lair |   7538 |   7203 |    335 |   1714 |   4164 |   6 | 1256.3 |
   Spider Nest |      8 |      8 |      0 |      0 |      0 |   1 |    8.0 |
  Orcish Mines |   2826 |   2690 |    136 |    347 |   1475 |   2 | 1413.0 |
      Ice Cave |   1029 |   1029 |      0 |    126 |    683 |   1 | 1029.0 |
               +--------+--------+--------+--------+--------+-----+--------+

Top non-repeatable levels by time:
     D:8: 2402 daAuts
    D:10: 2350 daAuts
   Orc:2: 2044 daAuts
  Lair:5: 1926 daAuts
  Lair:6: 1758 daAuts
     D:9: 1740 daAuts
     D:3: 1388 daAuts
  Lair:2: 1382 daAuts
    D:11: 1377 daAuts
    D:12: 1182 daAuts
     D:7: 1155 daAuts
   IceCv: 1029 daAuts
     D:4: 935 daAuts
  Lair:4: 893 daAuts
  Lair:1: 837 daAuts
